[Event "Live Chess"]
[Site "Chess.com"]
[Date "2010.12.06"]
[Round "-"]
[White "hipposcottimus"]
[Black "PrideandSorrow"]
[Result "0-1"]
[CurrentPosition "3r2k1/2p3pp/pb2p3/1pR1Pp2/8/P7/1P4PP/n2r1N1K b - -"]
[Timezone "UTC"]
[ECO "B01"]
[ECOUrl "https://www.chess.com/openings/Scandinavian-Defense-2.e5"]
[UTCDate "2010.12.06"]
[UTCTime "19:50:34"]
[WhiteElo "1593"]
[BlackElo "1723"]
[TimeControl "60"]
[Termination "PrideandSorrow won by resignation"]
[StartTime "19:50:34"]
[EndDate "2010.12.06"]
[EndTime "19:52:06"]
[Link "https://www.chess.com/game/live/74690174"]

1. e4 d5 2. e5 Bf5 3. d4 Qd7 4. c4 dxc4 5. Bxc4 e6 6. Nc3 Bb4 7. Ne2 Ne7 8. O-O O-O 9. Bd2 a6 10. Ng3 Bg6 11. Bb3 b5 12. a3 Ba5 13. Nce2 Bb6 14. Bf4 Nbc6 15. Be3 Na5 16. f4 Nec6 17. Bc2 Rad8 18. Bxg6 fxg6 19. f5 gxf5 20. Bf4 Nc4 21. Qd3 Nxd4 22. Nxd4 Qxd4+ 23. Qxd4 Rxd4 24. Kh1 Rfd8 25. Be3 Nxe3 26. Rfe1 Nc2 27. Rec1 Nxa1 28. Rc5 Rd1+ 29. Nf1 0-1

[Event "Live Chess"]
[Site "Chess.com"]
[Date "2010.12.06"]
[Round "-"]
[White "PrideandSorrow"]
[Black "hipposcottimus"]
[Result "1-0"]
[CurrentPosition "1br5/p4pkp/2P3p1/8/5P2/6P1/B3RPKP/8 b - -"]
[Timezone "UTC"]
[ECO "A07"]
[ECOUrl "https://www.chess.com/openings/Kings-Indian-Attack-Keres-Variation"]
[UTCDate "2010.12.06"]
[UTCTime "19:47:57"]
[WhiteElo "1723"]
[BlackElo "1593"]
[TimeControl "60"]
[Termination "PrideandSorrow won on time"]
[StartTime "19:47:57"]
[EndDate "2010.12.06"]
[EndTime "19:50:11"]
[Link "https://www.chess.com/game/live/74689382"]

1. Nf3 d5 2. g3 Bg4 3. d3 Bxf3 4. exf3 e5 5. Bg2 c5 6. O-O Nf6 7. Re1 Nc6 8. Bg5 Be7 9. f4 e4 10. dxe4 dxe4 11. Bxf6 Bxf6 12. c3 Be7 13. Qxd8+ Rxd8 14. Bxe4 O-O 15. Na3 Na5 16. Nc2 Bd6 17. Ne3 b6 18. Rad1 Bc7 19. Bf3 Bd6 20. Nf5 Bc7 21. Ne7+ Kh8 22. Re2 b5 23. Rxd8 Rxd8 24. Nf5 Bb8 25. b4 Nc4 26. bxc5 g6 27. Nh6 Kg7 28. Ng4 Bc7 29. Ne3 Ba5 30. Nxc4 bxc4 31. Rc2 Rd1+ 32. Kg2 Rd8 33. Bc6 Rb8 34. Bd5 Rd8 35. Bxc4 Bc7 36. a4 Re8 37. Bb5 Rd8 38. a5 Rb8 39. Bc6 Bxa5 40. c4 Bc7 41. Bd5 Rc8 42. c6 Bd6 43. c5 Be7 44. Ba2 Bd8 45. c7 Bxc7 46. c6 Bb8 47. Re2 1-0

[Event "Live Chess"]
[Site "Chess.com"]
[Date "2010.12.06"]
[Round "-"]
[White "hipposcottimus"]
[Black "matijasec"]
[Result "1-0"]
[CurrentPosition "5rk1/1p4p1/5p1p/2p1nRb1/2PpP1N1/1q1P2QN/r5PP/5RK1 b - -"]
[Timezone "UTC"]
[ECO "B20"]
[ECOUrl "https://www.chess.com/openings/Sicilian-Defense"]
[UTCDate "2010.12.06"]
[UTCTime "19:45:28"]
[WhiteElo "1593"]
[BlackElo "1385"]
[TimeControl "60"]
[Termination "hipposcottimus won on time"]
[StartTime "19:45:28"]
[EndDate "2010.12.06"]
[EndTime "19:47:11"]
[Link "https://www.chess.com/game/live/74688736"]

1. e4 c5 2. Bb5 a6 3. Be2 Nc6 4. Nf3 e6 5. c4 Nf6 6. d3 Be7 7. Nc3 d5 8. O-O d4 9. Na4 e5 10. Bd2 O-O 11. b3 Bd7 12. Nb2 a5 13. Ng5 h6 14. Nh3 Nh7 15. f4 exf4 16. Bxf4 Ng5 17. Bxg5 Bxg5 18. Bg4 Bxg4 19. Qxg4 Ne5 20. Qg3 f6 21. Rae1 a4 22. Rf5 axb3 23. axb3 Ra2 24. Nd1 Qa5 25. Ref1 Qc3 26. Ndf2 Qxb3 27. Ng4 1-0

[Event "Live Chess"]
[Site "Chess.com"]
[Date "2010.12.06"]
[Round "-"]
[White "hipposcottimus"]
[Black "mhaiel"]
[Result "1-0"]
[CurrentPosition "8/r2QR3/1pk5/p7/8/8/PPN4r/1K6 b - -"]
[Timezone "UTC"]
[ECO "B07"]
[ECOUrl "https://www.chess.com/openings/Pirc-Defense-Modern-Defense-Geller-System"]
[UTCDate "2010.12.06"]
[UTCTime "19:42:44"]
[WhiteElo "1589"]
[BlackElo "1394"]
[TimeControl "60"]
[Termination "hipposcottimus won on time"]
[StartTime "19:42:44"]
[EndDate "2010.12.06"]
[EndTime "19:44:49"]
[Link "https://www.chess.com/game/live/74688018"]

1. e4 d6 2. Nf3 a6 3. d4 h5 4. c4 g6 5. e5 Bg7 6. Bf4 dxe5 7. Nxe5 Nc6 8. Qe2 Nb4 9. Na3 b6 10. Qe4 Ra7 11. Be2 Bb7 12. Qe3 Bxg2 13. Rg1 Bb7 14. Bg5 Bxe5 15. Qxe5 f6 16. Bxf6 Nxf6 17. Rxg6 Rf8 18. Bxh5 Kd7 19. Bg4+ Nxg4 20. Rxg4 Kc8 21. O-O-O Kb8 22. Kb1 Rxf2 23. d5 Nc2 24. Nxc2 Bxd5 25. cxd5 a5 26. Rh4 e6 27. Rh8 Qc8 28. Rxc8+ Kxc8 29. Qxe6+ Kb7 30. d6 cxd6 31. Qxd6 Ka6 32. Qd3+ Kb7 33. Re1 Rxh2 34. Re7+ Kc6 35. Qd7+ 1-0

[Event "Live Chess"]
[Site "Chess.com"]
[Date "2010.12.06"]
[Round "-"]
[White "hipposcottimus"]
[Black "Angelchess"]
[Result "1-0"]
[CurrentPosition "8/8/8/8/6Rk/5r2/PKP2P2/6R1 b - -"]
[Timezone "UTC"]
[ECO "B00"]
[ECOUrl "https://www.chess.com/openings/Nimzowitsch-Defense-Declined-2...d5"]
[UTCDate "2010.12.06"]
[UTCTime "19:38:53"]
[WhiteElo "1585"]
[BlackElo "1508"]
[TimeControl "60"]
[Termination "hipposcottimus won on time"]
[StartTime "19:38:53"]
[EndDate "2010.12.06"]
[EndTime "19:40:49"]
[Link "https://www.chess.com/game/live/74686738"]

1. e4 Nc6 2. Nf3 d5 3. d4 dxe4 4. d5 exf3 5. dxc6 Qxd1+ 6. Kxd1 bxc6 7. Bd2 a5 8. gxf3 Nf6 9. Nc3 e5 10. Be3 c5 11. Bd3 Bd6 12. Kd2 O-O 13. Rad1 Ba6 14. Kc1 Bxd3 15. Rxd3 c4 16. Rd2 Bb4 17. Bg5 Bxc3 18. bxc3 Nh5 19. Rg1 f6 20. Bh6 g6 21. Bxf8 Rxf8 22. Rd7 c6 23. Rd6 f5 24. Rxc6 e4 25. fxe4 fxe4 26. Rf1 Rf3 27. Rc5 Nf4 28. Rxa5 Ne2+ 29. Kb2 Rxc3 30. Ra4 Rf3 31. Rxc4 Kg7 32. Rxe4 g5 33. Rxe2 g4 34. Re7+ Kg6 35. Rg1 h5 36. h3 Kg5 37. hxg4 hxg4 38. Rg7+ Kh4 39. R7xg4+ 1-0

[Event "Live Chess"]
[Site "Chess.com"]
[Date "2010.12.06"]
[Round "-"]
[White "Angelchess"]
[Black "hipposcottimus"]
[Result "0-1"]
[CurrentPosition "6k1/6p1/7p/4B3/8/7Q/6P1/6K1 w - -"]
[Timezone "UTC"]
[ECO "D11"]
[ECOUrl "https://www.chess.com/openings/Slav-Defense-Modern-Line"]
[UTCDate "2010.12.06"]
[UTCTime "19:35:11"]
[WhiteElo "1515"]
[BlackElo "1578"]
[TimeControl "60"]
[Termination "hipposcottimus won on time"]
[StartTime "19:35:11"]
[EndDate "2010.12.06"]
[EndTime "19:37:25"]
[Link "https://www.chess.com/game/live/74685840"]

1. d4 d5 2. c4 c6 3. Nf3 Nd7 4. Nc3 e6 5. a4 Ngf6 6. e4 Bd6 7. e5 O-O 8. exd6 Nb6 9. c5 Nc4 10. Bxc4 dxc4 11. b3 Nd5 12. bxc4 Nxc3 13. Qc2 Nxa4 14. Qxa4 Bd7 15. Qc2 b5 16. cxb6 axb6 17. c5 Rxa1 18. cxb6 Ra8 19. O-O Rb8 20. Bg5 Qc8 21. Ne5 f6 22. Nxd7 Qxd7 23. Bf4 Rxb6 24. d5 Rbb8 25. dxc6 Qa7 26. c7 Rbc8 27. Rc1 Ra8 28. d7 Qa1 29. c8=Q Qxc1+ 30. Qxc1 Rfxc8 31. dxc8=Q+ Rxc8 32. Qxc8+ Kf7 33. Qd7+ Kg6 34. h4 e5 35. h5+ Kxh5 36. Qh3+ Kg6 37. Bg3 Kf7 38. f4 h6 39. fxe5 fxe5 40. Bxe5 Kg8 0-1

[Event "Live Chess"]
[Site "Chess.com"]
[Date "2010.12.06"]
[Round "-"]
[White "hipposcottimus"]
[Black "Angelchess"]
[Result "0-1"]
[CurrentPosition "2k5/1p6/2p1p3/4Pp2/2P4p/8/q5PP/5QK1 w - -"]
[Timezone "UTC"]
[ECO "B00"]
[ECOUrl "https://www.chess.com/openings/Nimzowitsch-Defense-Declined-2...d5"]
[UTCDate "2010.12.06"]
[UTCTime "19:32:31"]
[WhiteElo "1571"]
[BlackElo "1522"]
[TimeControl "60"]
[Termination "Angelchess won on time"]
[StartTime "19:32:31"]
[EndDate "2010.12.06"]
[EndTime "19:34:39"]
[Link "https://www.chess.com/game/live/74685177"]

1. e4 Nc6 2. Nf3 d5 3. e5 d4 4. c3 e6 5. cxd4 Nxd4 6. Nc3 Nxf3+ 7. Qxf3 c6 8. d3 Ne7 9. Be3 Nf5 10. d4 Nxe3 11. Qxe3 Bb4 12. Be2 Bxc3+ 13. Qxc3 Bd7 14. O-O Qb6 15. Qe3 O-O-O 16. b3 g6 17. f4 h5 18. f5 gxf5 19. Qf4 Rhg8 20. Rac1 Qb4 21. Rc4 Qf8 22. Bf3 h4 23. d5 exd5 24. Bxd5 Be6 25. Bxe6+ fxe6 26. Rf3 Rg4 27. Qe3 Rxc4 28. bxc4 Qb4 29. Qxa7 Qb1+ 30. Rf1 Rd1 31. Qf2 Rxf1+ 32. Qxf1 Qxa2 0-1

[Event "Live Chess"]
[Site "Chess.com"]
[Date "2010.12.06"]
[Round "-"]
[White "cool1000"]
[Black "hipposcottimus"]
[Result "0-1"]
[CurrentPosition "6k1/ppp3pp/8/3qp3/8/5bP1/P3n2P/R6K w - -"]
[Timezone "UTC"]
[ECO "C24"]
[ECOUrl "https://www.chess.com/openings/Bishops-Opening-Berlin-Defense"]
[UTCDate "2010.12.06"]
[UTCTime "19:30:04"]
[WhiteElo "1511"]
[BlackElo "1580"]
[TimeControl "60"]
[Termination "hipposcottimus won by checkmate"]
[StartTime "19:30:04"]
[EndDate "2010.12.06"]
[EndTime "19:32:00"]
[Link "https://www.chess.com/game/live/74684423"]

1. e4 e5 2. Bc4 Nf6 3. Bxf7+ Kxf7 4. d3 Bc5 5. c3 Re8 6. Nf3 Kg8 7. Ng5 d5 8. exd5 Nxd5 9. c4 Nf4 10. b4 Bxf2+ 11. Kxf2 Qxg5 12. Qf3 Rf8 13. Bxf4 Rxf4 14. Qxf4 Qxf4+ 15. Ke2 Bg4+ 16. Ke1 Nc6 17. Rf1 Qc1+ 18. Kf2 Qc2+ 19. Kg1 Nd4 20. Na3 Ne2+ 21. Kh1 Qxd3 22. Nb5 Qxc4 23. Na3 Qxb4 24. Nc2 Qe7 25. Ne3 Bh5 26. g3 Rf8 27. Nf5 Rxf5 28. Rxf5 Qe6 29. Rf2 Qd5+ 30. Rf3 Bxf3# 0-1

[Event "Live Chess"]
[Site "Chess.com"]
[Date "2010.12.06"]
[Round "-"]
[White "hipposcottimus"]
[Black "furry_ferret"]
[Result "1-0"]
[CurrentPosition "2Q5/p5pk/2p4p/2p1P3/2P5/2P5/P5PP/6K1 b - -"]
[Timezone "UTC"]
[ECO "B20"]
[ECOUrl "https://www.chess.com/openings/Sicilian-Defense"]
[UTCDate "2010.12.06"]
[UTCTime "19:27:36"]
[WhiteElo "1573"]
[BlackElo "1597"]
[TimeControl "60"]
[Termination "hipposcottimus won by resignation"]
[StartTime "19:27:36"]
[EndDate "2010.12.06"]
[EndTime "19:28:58"]
[Link "https://www.chess.com/game/live/74683723"]

1. e4 c5 2. Bb5 Nc6 3. Bxc6 bxc6 4. Nf3 Bb7 5. c4 e6 6. d3 Bd6 7. Nc3 Nf6 8. e5 Bxe5 9. Nxe5 d6 10. Nxf7 Kxf7 11. O-O Rf8 12. Bg5 Kg8 13. Qf3 h6 14. Bh4 Nd5 15. Qg3 Nxc3 16. Bxd8 Raxd8 17. bxc3 d5 18. f4 dxc4 19. dxc4 Bc8 20. Rf2 e5 21. Raf1 Rf6 22. fxe5 Rxf2 23. Rxf2 Rf8 24. Rxf8+ Kxf8 25. Qh4 Kg8 26. Qd8+ Kh7 27. Qxc8 1-0

[Event "Live Chess"]
[Site "Chess.com"]
[Date "2010.12.06"]
[Round "-"]
[White "hipposcottimus"]
[Black "y_a"]
[Result "1-0"]
[CurrentPosition "7k/p5Q1/1p3Ppp/8/8/8/BP3KPP/8 b - -"]
[Timezone "UTC"]
[ECO "B06"]
[ECOUrl "https://www.chess.com/openings/Modern-Defense-with-1-e4"]
[UTCDate "2010.12.06"]
[UTCTime "19:23:35"]
[WhiteElo "1562"]
[BlackElo "1505"]
[TimeControl "60"]
[Termination "hipposcottimus won by checkmate"]
[StartTime "19:23:35"]
[EndDate "2010.12.06"]
[EndTime "19:25:41"]
[Link "https://www.chess.com/game/live/74682529"]

1. e4 g6 2. e5 Bg7 3. d4 e6 4. f4 Ne7 5. Nf3 O-O 6. Bc4 d6 7. Bb3 dxe5 8. fxe5 Nbc6 9. c3 Nf5 10. O-O b6 11. Bg5 Qd7 12. Bf6 Bxf6 13. exf6 Ba6 14. Re1 Bb5 15. Ne5 Qe8 16. c4 Nxe5 17. Rxe5 Bc6 18. d5 exd5 19. Rxe8 Raxe8 20. cxd5 Ba8 21. Nc3 Ne3 22. Qf3 Bxd5 23. Nxd5 Nxd5 24. Bxd5 c6 25. Bxc6 Rc8 26. Rf1 Rc7 27. Be4 Rfc8 28. Bd3 Rc1 29. Rxc1 Rxc1+ 30. Kf2 Ra1 31. Bc4 Rxa2 32. Bxa2 h6 33. Qd5 Kh7 34. Qxf7+ Kh8 35. Qg7# 1-0

[Event "Live Chess"]
[Site "Chess.com"]
[Date "2010.12.06"]
[Round "-"]
[White "AMerePawn"]
[Black "hipposcottimus"]
[Result "0-1"]
[CurrentPosition "4r2k/pp3rpp/8/3p4/2Pn2K1/3P2P1/5P2/8 w - -"]
[Timezone "UTC"]
[ECO "C20"]
[ECOUrl "https://www.chess.com/openings/Kings-Pawn-Opening-Leonardis-Variation"]
[UTCDate "2010.12.06"]
[UTCTime "19:20:58"]
[WhiteElo "1367"]
[BlackElo "1555"]
[TimeControl "60"]
[Termination "hipposcottimus won on time"]
[StartTime "19:20:58"]
[EndDate "2010.12.06"]
[EndTime "19:22:51"]
[Link "https://www.chess.com/game/live/74681845"]

1. e4 e5 2. d3 Nc6 3. b3 Nf6 4. Bb2 d5 5. exd5 Nxd5 6. c4 Bb4+ 7. Nc3 Nxc3 8. Qd2 Qd4 9. Bxc3 Bxc3 10. Qxc3 Qxc3+ 11. Ke2 Qxa1 12. Nf3 Qxa2+ 13. Nd2 Qxb3 14. g3 Bg4+ 15. Ke3 Qd1 16. h3 O-O 17. hxg4 Nd4 18. Bg2 Nc2+ 19. Ke4 Qxh1 20. Bxh1 f5+ 21. Kxe5 Rae8+ 22. Kf4 fxg4+ 23. Kxg4 Nd4 24. Bd5+ Kh8 25. Ne4 c6 26. Ng5 cxd5 27. Nf7+ Rxf7 0-1

[Event "Live Chess"]
[Site "Chess.com"]
[Date "2010.12.06"]
[Round "-"]
[White "konstantijn"]
[Black "hipposcottimus"]
[Result "0-1"]
[CurrentPosition "r7/ppp2kpp/8/3p4/3b4/1N3PPb/2P1K3/1RB2q2 w - -"]
[Timezone "UTC"]
[ECO "C47"]
[ECOUrl "https://www.chess.com/openings/Four-Knights-Game-Scotch-Variation-4...Bb4"]
[UTCDate "2010.12.06"]
[UTCTime "19:17:40"]
[WhiteElo "1502"]
[BlackElo "1551"]
[TimeControl "60"]
[Termination "hipposcottimus won on time"]
[StartTime "19:17:40"]
[EndDate "2010.12.06"]
[EndTime "19:19:24"]
[Link "https://www.chess.com/game/live/74680894"]

1. e4 e5 2. Nf3 Nc6 3. Nc3 Nf6 4. d4 Bb4 5. Qd2 d6 6. a3 Ba5 7. b4 Nxb4 8. axb4 Bxb4 9. dxe5 Nxe4 10. Qe2 Bxc3+ 11. Nd2 d5 12. Rb1 O-O 13. f3 Qh4+ 14. g3 Nxg3 15. hxg3 Qxh1 16. Kf2 Bd4+ 17. Ke1 Bh3 18. e6 Rfe8 19. exf7+ Kxf7 20. Nb3 Rxe2+ 21. Kxe2 Qxf1+ 0-1

[Event "Live Chess"]
[Site "Chess.com"]
[Date "2010.12.06"]
[Round "-"]
[White "chess_Kungfu"]
[Black "hipposcottimus"]
[Result "1-0"]
[CurrentPosition "5r1k/p4R2/8/5p2/5P2/P3P1Pq/1P5P/5RK1 b - -"]
[Timezone "UTC"]
[ECO "D00"]
[ECOUrl "https://www.chess.com/openings/Queens-Pawn-Opening-1...d5-2.e3"]
[UTCDate "2010.12.06"]
[UTCTime "19:14:22"]
[WhiteElo "1789"]
[BlackElo "1544"]
[TimeControl "60"]
[Termination "chess_Kungfu won on time"]
[StartTime "19:14:22"]
[EndDate "2010.12.06"]
[EndTime "19:16:35"]
[Link "https://www.chess.com/game/live/74679956"]

1. d4 d5 2. e3 c6 3. Nf3 Nd7 4. c4 e6 5. Nc3 Ngf6 6. cxd5 cxd5 7. a3 Be7 8. Bd3 O-O 9. O-O e5 10. dxe5 Ng4 11. Qc2 Ngxe5 12. Nxe5 Nxe5 13. Bxh7+ Kh8 14. Bd3 Kg8 15. Be2 Ng6 16. f4 f5 17. Bh5 Qe8 18. Bg4 Qf7 19. Bf3 Nh4 20. Bxd5 Be6 21. Bxb7 Qg6 22. g3 Rab8 23. Bc6 Rbc8 24. Ba4 Rc7 25. Bb3 Bxb3 26. Qxb3+ Kh8 27. Nd5 Rd7 28. Nxe7 Rxe7 29. Bd2 Ref7 30. Bc3 Qg4 31. Rad1 Nf3+ 32. Kg2 Nh4+ 33. Kg1 Ng6 34. Qb5 Ne7 35. Qb4 Qh3 36. Qxe7 Rxe7 37. Bxg7+ Rxg7 38. Rd7 Rgf7 39. Rxf7 1-0

[Event "Live Chess"]
[Site "Chess.com"]
[Date "2010.12.06"]
[Round "-"]
[White "hipposcottimus"]
[Black "sham1308"]
[Result "1-0"]
[CurrentPosition "2bQ2kr/5ppp/4p3/4P3/8/8/5KPP/4R3 b - -"]
[Timezone "UTC"]
[ECO "B12"]
[ECOUrl "https://www.chess.com/openings/Caro-Kann-Defense-2.d4"]
[UTCDate "2010.12.06"]
[UTCTime "19:10:54"]
[WhiteElo "1544"]
[BlackElo "1440"]
[TimeControl "60"]
[Termination "hipposcottimus won by checkmate"]
[StartTime "19:10:54"]
[EndDate "2010.12.06"]
[EndTime "19:12:56"]
[Link "https://www.chess.com/game/live/74679026"]

1. e4 c6 2. d4 b5 3. c4 b4 4. a3 a5 5. axb4 a4 6. b3 a3 7. Nxa3 Rxa3 8. Bb2 Rxa1 9. Qxa1 e6 10. c5 d6 11. b5 dxc5 12. dxc5 Bxc5 13. Nf3 cxb5 14. Bxb5+ Ke7 15. Bc4 Bb4+ 16. Bc3 Bxc3+ 17. Qxc3 Qc7 18. O-O Nc6 19. b4 Nf6 20. e5 Ne4 21. Qa3 Nd4 22. b5+ Nd6 23. Nxd4 Qxc4 24. Nc6+ Kf8 25. Rc1 Qxb5 26. Nd4 Qd5 27. Qe3 Ne4 28. Re1 Qxd4 29. Qxd4 Nxf2 30. Kxf2 Kg8 31. Qd8# 1-0

[Event "Live Chess"]
[Site "Chess.com"]
[Date "2010.12.06"]
[Round "-"]
[White "sham1308"]
[Black "hipposcottimus"]
[Result "1-0"]
[CurrentPosition "rnbqrk2/p4Qpp/2pb1n2/1B2p1N1/4p3/2P2P2/PP1P2PP/RNB1K2R b KQ -"]
[Timezone "UTC"]
[ECO "C20"]
[ECOUrl "https://www.chess.com/openings/Kings-Pawn-Opening-MacLeod-Attack"]
[UTCDate "2010.12.06"]
[UTCTime "19:09:48"]
[WhiteElo "1446"]
[BlackElo "1538"]
[TimeControl "60"]
[Termination "sham1308 won by checkmate"]
[StartTime "19:09:48"]
[EndDate "2010.12.06"]
[EndTime "19:10:39"]
[Link "https://www.chess.com/game/live/74678738"]

1. e4 e5 2. c3 Nf6 3. Qb3 d5 4. f3 dxe4 5. Bc4 Bd6 6. Bxf7+ Ke7 7. Bc4 Re8 8. Nh3 Kf8 9. Ng5 b5 10. Bxb5 c6 11. Qf7# 1-0

[Event "Live Chess"]
[Site "Chess.com"]
[Date "2010.12.06"]
[Round "-"]
[White "hipposcottimus"]
[Black "sham1308"]
[Result "1-0"]
[CurrentPosition "8/pp6/1kp5/3p3R/6K1/5n2/P7/8 b - -"]
[Timezone "UTC"]
[ECO "B00"]
[ECOUrl "https://www.chess.com/openings/Kings-Pawn-Opening-Goldsmith-Defense"]
[UTCDate "2010.12.06"]
[UTCTime "19:07:08"]
[WhiteElo "1547"]
[BlackElo "1435"]
[TimeControl "60"]
[Termination "hipposcottimus won on time"]
[StartTime "19:07:08"]
[EndDate "2010.12.06"]
[EndTime "19:09:28"]
[Link "https://www.chess.com/game/live/74677966"]

1. e4 h5 2. Be2 d6 3. Bxh5 g6 4. Bg4 e6 5. d4 c6 6. Qf3 f6 7. Nh3 g5 8. e5 f5 9. Bh5+ Kd7 10. Bxg5 Be7 11. Bf6 Nxf6 12. exf6 Bxf6 13. Nf4 d5 14. Qe3 Kc7 15. Nxe6+ Bxe6 16. Qxe6 Qd7 17. Bf7 Qxe6+ 18. Bxe6 Re8 19. O-O Bxd4 20. Bxf5 Bxb2 21. c3 Bxa1 22. Bg6 Re6 23. f4 Bxc3 24. Nxc3 Rxg6 25. f5 Rg5 26. f6 Nd7 27. f7 Rf8 28. Ne2 Ne5 29. Ng3 Nxf7 30. h4 Rxg3 31. Kh2 Rg7 32. g3 Rh7 33. Kh3 Rfh8 34. Rf4 Nd6 35. Rf6 Rxh4+ 36. gxh4 Rxh4+ 37. Kxh4 Nc4 38. Rh6 Kb6 39. Rh7 Ne5 40. Rh5 Nf3+ 41. Kg4 1-0

[Event "Live Chess"]
[Site "Chess.com"]
[Date "2010.12.06"]
[Round "-"]
[White "sham1308"]
[Black "hipposcottimus"]
[Result "0-1"]
[CurrentPosition "3rr1k1/6B1/6p1/8/8/3q4/PP5P/n2K4 w - -"]
[Timezone "UTC"]
[ECO "C24"]
[ECOUrl "https://www.chess.com/openings/Bishops-Opening-Berlin-Defense"]
[UTCDate "2010.12.06"]
[UTCTime "19:04:31"]
[WhiteElo "1441"]
[BlackElo "1541"]
[TimeControl "60"]
[Termination "hipposcottimus won on time"]
[StartTime "19:04:31"]
[EndDate "2010.12.06"]
[EndTime "19:06:38"]
[Link "https://www.chess.com/game/live/74677266"]

1. e4 e5 2. Bc4 Nf6 3. Qf3 Nc6 4. Qb3 d5 5. exd5 Nd4 6. Bb5+ Bd7 7. Bxd7+ Qxd7 8. Qxb7 Rd8 9. Qxa7 Nxd5 10. f4 Nxc2+ 11. Kd1 Nxa1 12. Ne2 Nxf4 13. Qe3 Nxg2 14. Qxe5+ Be7 15. Nf4 Nxf4 16. Qxf4 Bf6 17. Re1+ Be7 18. Nc3 O-O 19. d4 Bc5 20. d5 c6 21. Qg3 cxd5 22. Bh6 g6 23. Rg1 d4 24. Ne4 d3 25. Nxc5 Qd5 26. Nxd3 Rfe8 27. Qxg6+ fxg6 28. Rxg6+ hxg6 29. Bg7 Qxd3+ 0-1

[Event "Live Chess"]
[Site "Chess.com"]
[Date "2010.12.06"]
[Round "-"]
[White "hipposcottimus"]
[Black "sham1308"]
[Result "1-0"]
[CurrentPosition "r1b2qk1/1p5Q/2p1pb1p/p2p2p1/2nP4/2P5/PPB2PPP/RN2K2R b KQ -"]
[Timezone "UTC"]
[ECO "B10"]
[ECOUrl "https://www.chess.com/openings/Caro-Kann-Defense"]
[UTCDate "2010.12.06"]
[UTCTime "19:03:14"]
[WhiteElo "1535"]
[BlackElo "1447"]
[TimeControl "60"]
[Termination "hipposcottimus won by checkmate"]
[StartTime "19:03:14"]
[EndDate "2010.12.06"]
[EndTime "19:04:14"]
[Link "https://www.chess.com/game/live/74676895"]

1. e4 c6 2. e5 e6 3. d4 f5 4. exf6 g6 5. f7+ Kxf7 6. Qf3+ Nf6 7. Bg5 Be7 8. Nh3 Kg7 9. Qe3 Rf8 10. Bh6+ Kg8 11. Bxf8 Qxf8 12. Ng5 h6 13. Ne4 g5 14. Nxf6+ Bxf6 15. Bc4 d5 16. Bb3 Nd7 17. c3 Nb6 18. Bc2 a5 19. Qd3 Nc4 20. Qh7# 1-0

[Event "Live Chess"]
[Site "Chess.com"]
[Date "2010.12.06"]
[Round "-"]
[White "sham1308"]
[Black "hipposcottimus"]
[Result "0-1"]
[CurrentPosition "r4rk1/p6p/1p3Rp1/3q4/3N1P2/2PP1KP1/7P/8 w - -"]
[Timezone "UTC"]
[ECO "C24"]
[ECOUrl "https://www.chess.com/openings/Bishops-Opening-Berlin-Defense"]
[UTCDate "2010.12.06"]
[UTCTime "19:00:40"]
[WhiteElo "1453"]
[BlackElo "1529"]
[TimeControl "60"]
[Termination "hipposcottimus won on time"]
[StartTime "19:00:40"]
[EndDate "2010.12.06"]
[EndTime "19:02:53"]
[Link "https://www.chess.com/game/live/74676167"]

1. e4 e5 2. Bc4 Nf6 3. Qf3 Nc6 4. Qb3 d5 5. exd5 Na5 6. Bb5+ c6 7. Qa4 Bd7 8. dxc6 Bxc6 9. Bxc6+ Nxc6 10. b4 Bxb4 11. c3 Be7 12. Na3 O-O 13. Nc4 e4 14. Ne5 Nxe5 15. Qxe4 Nd3+ 16. Qxd3 Qxd3 17. Ne2 Ne4 18. f3 Nc5 19. Rf1 Bh4+ 20. Rf2 Bg5 21. f4 Bh4 22. g3 Bf6 23. Bb2 Bd8 24. a3 Ba5 25. Nd4 Nb3 26. Rf3 Qe4+ 27. Re3 Qh1+ 28. Ke2 Nxa1 29. Bxa1 Qxa1 30. Kf3 Qxa3 31. d3 Qd6 32. Re5 f6 33. Rxa5 b6 34. Rf5 g6 35. Rxf6 Qd5+ 0-1

[Event "Live Chess"]
[Site "Chess.com"]
[Date "2010.12.06"]
[Round "-"]
[White "hipposcottimus"]
[Black "sham1308"]
[Result "0-1"]
[CurrentPosition "r3k3/p7/b1p5/2PpP3/Pp1P1pP1/1P1q1Qb1/3B3r/R2K2R1 b q -"]
[Timezone "UTC"]
[ECO "B00"]
[ECOUrl "https://www.chess.com/openings/Nimzowitsch-Defense-2.d4"]
[UTCDate "2010.12.06"]
[UTCTime "18:58:24"]
[WhiteElo "1522"]
[BlackElo "1460"]
[TimeControl "60"]
[Termination "sham1308 won by resignation"]
[StartTime "18:58:24"]
[EndDate "2010.12.06"]
[EndTime "19:00:14"]
[Link "https://www.chess.com/game/live/74675576"]

1. e4 Nc6 2. d4 Nb4 3. c3 Na6 4. f4 c6 5. c4 b5 6. c5 e6 7. e5 d5 8. Nf3 h6 9. a4 b4 10. Bxa6 Bxa6 11. b3 Qc7 12. Nbd2 f5 13. Nh4 Qf7 14. Qf3 g5 15. fxg5 hxg5 16. Nxf5 exf5 17. Qe3 f4 18. Qf3 Rh4 19. g3 Rh5 20. gxf4 gxf4 21. Rg1 Nh6 22. Nf1 Be7 23. h3 Bh4+ 24. Kd2 Qf5 25. Nh2 Bg3 26. Ng4 Nxg4 27. hxg4 Rh2+ 28. Kd1 Qd3+ 29. Bd2 0-1

[Event "Live Chess"]
[Site "Chess.com"]
[Date "2010.12.06"]
[Round "-"]
[White "sham1308"]
[Black "hipposcottimus"]
[Result "0-1"]
[CurrentPosition "2rr2k1/5ppp/8/pp1PB3/5N2/P1q1Q1P1/8/3RK3 w - -"]
[Timezone "UTC"]
[ECO "C20"]
[ECOUrl "https://www.chess.com/openings/Kings-Pawn-Opening-Kings-Head-Opening"]
[UTCDate "2010.12.06"]
[UTCTime "18:55:53"]
[WhiteElo "1449"]
[BlackElo "1531"]
[TimeControl "60"]
[Termination "hipposcottimus won on time"]
[StartTime "18:55:53"]
[EndDate "2010.12.06"]
[EndTime "18:58:03"]
[Link "https://www.chess.com/game/live/74674842"]

1. e4 e5 2. f3 Nc6 3. c3 Nf6 4. Bc4 d5 5. Bb5 dxe4 6. Bxc6+ bxc6 7. fxe4 Nxe4 8. d3 Qh4+ 9. g3 Nxg3 10. hxg3 Qxh1 11. Kd2 Qg2+ 12. Ne2 Bg4 13. Kc2 Bxe2 14. Qd2 Qf1 15. c4 Bd6 16. Nc3 Rb8 17. Nxe2 Bb4 18. Qe3 Qf5 19. a3 Ba5 20. b4 Bb6 21. c5 O-O 22. cxb6 cxb6 23. Bb2 Rfd8 24. Bxe5 Qg4 25. Nf4 Rbc8 26. d4 Qd7 27. Rd1 c5 28. bxc5 Qb7 29. c6 Qxc6+ 30. Kd2 b5 31. Ke1 a5 32. d5 Qc3+ 0-1